 Dungeon Crawl Stone Soup version 0.19-a0-1213-g90c832c (console) character file.

18107 Lasty the Cruncher (level 11, -1/148 HPs)
             Began as a Demigod Gladiator on Aug 22, 2016.
             Slain by an ice devil (6 damage)
             ... on level 2 of the Lair of Beasts.
             The game lasted 00:33:02 (14201 turns).

Lasty the Cruncher (Demigod Gladiator)             Turns: 14201, Time: 00:33:02

Health: -1/148     AC: 25    Str: 22    XL:     11   Next: 99%
Magic:  14/14      EV:  2    Int: 12    God:
Gold:   826        SH:  0    Dex: 20    Spells: 0 memorised, 10 levels left

rFire  x . .     SeeInvis .     a - +1 quarterstaff (crush)
rCold  + . .     Gourm    .     (armour currently unavailable)
rNeg   + + +     Faith    .     (shield currently unavailable)
rPois  +         Spirit   .     (helmet currently unavailable)
rElec  .         Dismiss  .     (cloak currently unavailable)
rCorr  .         Reflect  .     (gloves currently unavailable)
MR     +....     Harm     .     (boots currently unavailable)
Stlth  ++........ NoTele   +    e - amulet of Omporgh {Regen+ Dex+2}
                                n - ring of ice
                                B - ring of positive energy

@: tree-form, very slightly contaminated, invisible
A: high mp 1
a: no special abilities


You were on level 2 of the Lair of Beasts.
You were hungry.
You were a tree.
You visited 2 branches of the dungeon, and saw 12 of its levels.
You also visited: Sewer.

You collected 826 gold pieces.


Innate Abilities, Weirdness & Mutations

You have an increased reservoir of magic. (+10% MP)


   Skills:
 + Level 10.0 Fighting
 * Level 13.8 Staves
 - Level 1.7 Throwing
 + Level 7.3 Armour
 - Level 2.6 Dodging


You had 10 spell levels left.
You didn't know any spells.

Inventory:

Hand Weapons
 a - a +1 quarterstaff of crushing (weapon)
 b - a +0 spear of venom
   (You took it off a gnoll on level 5 of the Dungeon)
 q - a +0 blowgun
 M - a +0 hand axe of flaming
   (You took it off a big kobold on level 9 of the Dungeon)
 P - a +2 halberd of venom
   (You found it on level 9 of the Dungeon)
Missiles
 d - 3 throwing nets
 o - 10 tomahawks (quivered)
 J - 38 poisoned needles
Armour
 c - a +2 helmet (melded)
 h - a +0 pair of gloves (melded)
 v - a +0 cloak (melded)
 I - a +0 chain mail (melded)
 Q - a +2 robe of cold resistance
   (You took it off Fannar on level 1 of the Lair of Beasts)
Jewellery
 e - the amulet of Omporgh (around neck) {Regen+ Dex+2}
   (You found it on level 6 of the Dungeon)

   [amulet of regeneration]

   It affects your dexterity (+2).
   It increases your rate of regeneration.
 n - a ring of ice (right branch)
 B - a ring of positive energy (left branch)
 Y - an uncursed ring of ice
Wands
 A - a wand of flame (0/48)
 E - a wand of lightning (0/15)
 F - a wand of acid (0/15)
 H - a wand of confusion (5/48)
 R - a wand of digging (6/24)
 U - a wand of polymorph (12/24)
Scrolls
 m - 3 scrolls of blinking
 p - 4 scrolls of teleportation {!r}
 t - a scroll of enchant armour
 x - 3 scrolls of remove curse
 S - a scroll of fog
 V - a scroll of enchant weapon
Potions
 g - 3 potions of curing
 i - 2 potions of agility {!q}
 k - 3 potions of lignification {!q}
 l - a potion of ambrosia {unknown}
 s - 2 potions of brilliance {!q}
 u - a potion of resistance {!q}
 z - a potion of invisibility {!q}
 C - 2 potions of cure mutation {!q}
 L - a potion of haste {!q}
 T - a potion of cancellation {unknown}
Books
 r - a book of Necromancy

   Spells                             Type                      Level
   a - Pain                           Necromancy                   1
   b - Animate Skeleton               Necromancy                   1
   c - Vampiric Draining              Necromancy                   3
   d - Regeneration                   Charms/Necromancy            3
   e - Animate Dead                   Necromancy                   4
   f - Control Undead                 Necromancy                   4
Miscellaneous
 K - a disc of storms
 Z - a sack of spiders
Comestibles
 f - 6 bread rations {!e}
 j - 27 fruits
 w - 8 meat rations {!e}


Message History

You are very lightly contaminated with residual magic.
Okay, then.
You see here a scroll of noise {!r}.
You barely miss the ice devil.
The ice devil is severely wounded.
You see here a book of Necromancy.
r - a book of Necromancy You are feeling hungry.
You closely miss the ice devil.
The ice devil is severely wounded.
You strike the helpless ice devil from behind!
You sock the ice devil!
The ice devil is almost dead.
The ice devil barely misses you.
Your chain mail prevents you from hitting the ice devil.
The ice devil is almost dead.
You strike the helpless ice devil from behind!
You hit the ice devil but do no damage.
The ice devil is almost dead.
The ice devil hits you!
* * * LOW HITPOINT WARNING * * *
The ice devil freezes you! You resist.
* * * LOW HITPOINT WARNING * * *
You take 14 damage.
You hit the ice devil.
The ice devil is almost dead.
The ice devil barely misses you.
You are starting to lose your buoyancy.
You hit the ice devil but do no damage.
The ice devil is almost dead.
Evoke which item? (* to show all) (? for menu, Esc to quit)
Okay, then.
Really quaff
k - 4 potions of lignification {!q}?
You turn into a tree.
Your roots penetrate the ground.
The ice devil hits you.
* * * LOW HITPOINT WARNING * * *
The ice devil freezes you! You resist.
* * * LOW HITPOINT WARNING * * *
You take 4 damage.
You catch the helpless ice devil completely off-guard!
You hit the ice devil.
The ice devil is almost dead.
The ice devil barely misses you.
You completely miss the ice devil.
The ice devil is almost dead.
You hit the ice devil but do no damage.
The ice devil is almost dead.
The ice devil hits you.
* * * LOW HITPOINT WARNING * * *
The ice devil freezes you. You resist.
You die...

.....##..≈≈≈≈.≈...≈..≈≈≈...#
.....##.≈≈≈..≈≈≈.≈≈≈.≈≈≈≈.#####
.....##.≈≈≈...≈.≈≈≈...≈...÷##.#
....###.≈≈.≈.≈.≈≈≈≈..≈.≈≈....###
....##....≈≈≈≈≈≈≈≈≈≈≈≈≈........#
....##....≈≈≈≈≈≈≈≈≈≈≈≈≈........#
..........≈≈≈≈≈≈≈≈≈≈≈≈≈........#
..........≈≈≈≈≈.$(≈≈≈≈≈........##
....#.#....≈≈≈≈4♣$≈≈≈≈...........
#..........≈≈≈≈$>}≈≈≈≈....P##.###
#.........≈≈≈≈≈)((≈≈≈≈≈...P#...#
#.........≈≈≈≈≈≈≈≈≈≈≈≈≈...###.##
#.........≈≈≈≈≈≈≈≈≈≈≈≈≈(.[....##
..........≈≈≈≈≈≈≈≈≈≈≈≈≈......#.#
.#..>...≈≈....≈≈≈≈≈≈.≈.≈≈.....##
.#......≈≈≈...≈≈≈≈≈...≈≈≈...÷.##
........≈≈≈≈.≈≈≈.≈...≈≈≈.......#


You could see an ice devil.

Vanquished Creatures
  Fannar (Lair:1)
  A hydra (D:9)
  The ghost of flyleaff the Slinger, a novice DDHu (D:6)
  6 elephants (Lair:2)
  2 black mambas (Lair:2)
  An ice statue (Lair:2)
  3 spiny frogs
  A komodo dragon (D:8)
  7 polar bears (Lair:2)
  Prince Ribbit (D:9)
  A two-headed ogre (D:9)
  The ghost of one1010 the Covert, a novice FeSu of Yredelemnul (D:9)
  3 blink frogs (Lair:2)
  17 yaks
  2 wyverns
  4 hippogriffs
  2 water moccasins
  2 porcupines
  A sky beast (D:4)
  Purgy (Sewer)
  11 black bears
  6 ice beasts
  2 orc warriors
  A phantom (D:5)
  3 ogres
  8 centaurs
  3 crocodiles
  Blork the orc (D:5)
  4 big kobolds
  4 giant frogs
  A gnoll sergeant (D:6)
  3 scorpions
  3 killer bees (D:7)
  5 wights (D:8)
  5 howler monkeys
  A giant frog zombie (D:5)
  2 hounds
  An orc priest (D:6)
  A jelly (D:6)
  2 centaur skeletons
  6 orc wizards
  2 giant frog skeletons
  Ijyb (D:3)
  2 hell rats (Lair:1)
  9 iguanas
  8 worker ants
  6 sheep
  A hound skeleton (D:6)
  10 gnolls
  11 adders
  30 river rats
  2 shadow imps
  3 white imps
  An ooze (D:7)
  An adder zombie (D:6)
  An adder skeleton (D:7)
  2 worms (D:2)
  6 dart slugs
  4 giant geckos
  26 orcs
  7 ball pythons
  13 bats
  6 giant cockroaches
  8 goblins
  5 hobgoblins
  2 jackals (D:7)
  12 kobolds
  6 quokkas
  A giant gecko skeleton (D:8)
  3 giant newts
  A quokka skeleton (D:8)
  12 rats
  A butterfly (Lair:2)
334 creatures vanquished.

Vanquished Creatures (others)
  A fungus (Lair:1)
  2 plants (D:8)
3 creatures vanquished.

Grand Total: 337 creatures vanquished

Notes
Turn   | Place    | Note
-------+----------+-------------------------------------------
     0 | D:1      | Lasty the Demigod Gladiator began the quest for the Orb.
     0 | D:1      | Reached XP level 1. HP: 17/17 MP: 3/3
    47 | D:1      | Reached skill level 2 in Fighting
   128 | D:1      | Reached skill level 3 in Staves
   181 | D:1      | Reached XP level 2. HP: 22/24 MP: 4/4
   660 | D:1      | Reached XP level 3. HP: 23/30 MP: 5/5
   848 | D:2      | Found an ancient bone altar of Kikubaaqudgha.
   849 | D:2      | Found a blossoming altar of Fedhas.
  1210 | D:2      | Found a faded altar of an unknown god.
  1222 | D:2      | Reached skill level 4 in Staves
  1351 | D:2      | Reached XP level 4. HP: 35/37 MP: 6/6
  1904 | D:3      | Reached skill level 3 in Fighting
  2110 | D:3      | Noticed Ijyb
  2128 | D:3      | Killed Ijyb
  2128 | D:3      | Reached XP level 5. HP: 41/45 MP: 7/7
  2797 | D:4      | Noticed a sky beast
  2853 | D:4      | Killed a sky beast
  2853 | D:4      | Reached skill level 5 in Staves
  3391 | D:4      | Found a staircase to the Ecumenical Temple.
  4000 | D:4      | Reached XP level 6. HP: 48/52 MP: 8/8
  4248 | D:5      | Entered Level 5 of the Dungeon
  4712 | D:5      | Reached skill level 4 in Fighting
  4712 | D:5      | Reached skill level 6 in Staves
  4748 | D:5      | Noticed Blork the orc
  4772 | D:5      | Killed Blork the orc
  4900 | D:5      | Found an iron altar of Okawaru.
  4914 | D:5      | Found a hazy altar of Hepliaklqana.
  5135 | D:5      | Reached XP level 7. HP: 57/60 MP: 9/9
  5232 | D:5      | Found a radiant altar of Vehumet.
  5235 | D:5      | Found a burning altar of Makhleb.
  5265 | D:6      | Found an opulent altar of Gozag.
  5573 | D:6      | Noticed flyleaff's ghost (novice DDHu)
  5708 | D:6      | Reached skill level 7 in Staves
  5780 | D:6      | Found a glowing drain.
  5784 | Sewer    | Entered a sewer
  5975 | Sewer    | Noticed Purgy
  5990 | Sewer    | Killed Purgy
  5990 | Sewer    | Reached skill level 5 in Fighting
  6557 | D:6      | Reached XP level 8. HP: 59/69 MP: 10/10
  6667 | D:6      | Reached skill level 8 in Staves
  6925 | D:6      | Killed flyleaff's ghost
  6925 | D:6      | Reached skill level 6 in Fighting
  6925 | D:6      | Reached skill level 9 in Staves
  7190 | D:6      | Got a sparkling ruby amulet
  7191 | D:6      | Identified the amulet of Omporgh {Regen+ Dex+2} (You found it on level 6 of the Dungeon)
  7192 | D:6      | --neat
  7897 | D:7      | Found a glowing golden altar of the Shining One.
  8034 | D:7      | Found a shadowy altar of Dithmenos.
  8301 | D:7      | Reached XP level 9. HP: 78/78 MP: 11/11
  8748 | D:8      | Reached skill level 10 in Staves
  8776 | D:8      | Reached skill level 7 in Fighting
  8873 | D:8      | Reached skill level 1 in Armour
  9167 | D:8      | Reached skill level 2 in Armour
  9342 | D:8      | Found a staircase to the Lair.
  9342 | D:8      | Noticed a komodo dragon
  9412 | D:8      | Killed a komodo dragon
  9680 | D:9      | Reached skill level 3 in Armour
  9783 | D:9      | Noticed a three-headed hydra
  9789 | D:9      | Killed a one-headed hydra
  9789 | D:9      | Reached skill level 11 in Staves
  9789 | D:9      | Reached XP level 10. HP: 84/88 MP: 13/13
  9849 | D:9      | Reached skill level 8 in Fighting
  9963 | D:9      | Noticed one1010's ghost (novice FeSu)
  9968 | D:9      | Killed one1010's ghost
  9968 | D:9      | Reached skill level 4 in Armour
 10282 | D:9      | Found a white marble altar of Elyvilon.
 10364 | D:9      | Noticed Prince Ribbit
 10382 | D:9      | Killed Prince Ribbit
 10764 | D:10     | Entered Level 10 of the Dungeon
 10815 | D:10     | Reached skill level 12 in Staves
 10912 | Lair:1   | Entered Level 1 of the Lair of Beasts
 11253 | Lair:1   | Reached skill level 5 in Armour
 11507 | Lair:1   | HP: 25/90 [yak (9)]
 11958 | Lair:1   | Reached XP level 11. HP: 95/95 MP: 14/14
 12203 | Lair:2   | Reached skill level 9 in Fighting
 12576 | Lair:2   | Reached skill level 6 in Armour
 12771 | Lair:2   | Reached skill level 13 in Staves
 12847 | Lair:2   | Noticed Fannar
 12888 | Lair:1   | HP: 26/97 [Fannar/bolt of cold (27)]
 12892 | Lair:1   | Killed Fannar
 13037 | Lair:2   | HP: 28/99 [polar bear (9)]
 13472 | Lair:2   | Reached skill level 7 in Armour
 13935 | Lair:2   | Reached skill level 10 in Fighting
 14172 | Lair:2   | HP: 23/99 [ice devil (10)]
 14194 | Lair:2   | HP: 19/99 [ice devil (7)]
 14201 | Lair:2   | HP: 5/148 [ice devil (6)]
 14201 | Lair:2   | Slain by an ice devil

Vault maps used:
D:1:      tarquinn_simple_flora_water_d, st_stairs_9
D:2:      grunt_temple_overflow_growth_and_decay, ecumenical_altar_1,
          minmay_shallow_snake_nest
D:3:      first_bread, uniq_iyjb
D:4:      minmay_misc_feat_encased
D:5:      grunt_temple_overflow_cloverleaf, uniq_blork_the_orc
D:6:      basic_altar, gup_sewer_entry_bowl
D:7:      old_standard_altar, serial_glass, glass_columns_a, glass_columns_a,
          basic_altar
D:8:      david_lair_shrubbed
D:9:      lemuel_crystal_altar, hangedman_ranch, uniq_prince_ribbit1
Lair:1:   kennysheep_rathole, serial_bayou_shore_b, serial_bayou_shore_b,
          lemuel_fruit_fields
Lair:2:   beast_lair_carwin_large_4, ice2_lemuel, uniq_fannar
Sewer:    sewer_big_baddie

Action                   |  1- 3 |  4- 6 |  7- 9 | 10-12 || total
-------------------------+-------+-------+-------+-------++-------
Melee: Quarterstaff      |   139 |   142 |   371 |   747 ||  1399
       Spear             |       |    32 |   135 |    18 ||   185
       Hand axe          |       |       |     3 |       ||     3
 Fire: Blowgun           |       |       |       |     3 ||     3
Throw: Tomahawk          |       |       |       |     3 ||     3
Evoke: Wand              |       |       |     2 |    15 ||    17
       Sack of spiders   |       |       |       |     1 ||     1
  Use: Scroll            |       |       |    22 |     5 ||    27
       Potion            |       |       |       |     5 ||     5
 Stab: Sleeping          |     2 |       |       |       ||     2
       Invisible         |       |       |       |     3 ||     3
  Eat: Chunk             |     2 |    11 |    16 |    14 ||    43
Armor: Leather armour    |    38 |     1 |       |       ||    39
       Ring mail         |       |    52 |    59 |       ||   111
       Chain mail        |       |       |   169 |   352 ||   521
Dodge: Dodged            |    96 |    97 |   225 |   313 ||   731

Skill      XL: |  1  2  3  4  5  6  7  8  9 10 11 |
---------------+----------------------------------+-----
Fighting       | 2 3 4 5 6 7 8 10 | 10.0
Staves         | 3 4 5 6 7 9 11 12 13 | 13.8
Armour         | 3 5 7 |  7.3
Throwing       | |  1.7
Dodging        | |  2.6
